 Dungeon Crawl Stone Soup version 0.31.0-12-g77e489cdc1 (webtiles) character file.

Game seed: 5731065950606103905

822 spaghetti the Fighter (level 7, -3/81 HPs)
             Began as an Oni Shapeshifter on Mar 8, 2024.
             Slain by a gnoll
             ... wielding a +0 whip
             ... led by a gnoll bouda
              (9 damage)
             ... on level 5 of the Dungeon.
             The game lasted 00:05:51 (3524 turns).

spaghetti the Fighter (Oni Shapeshifter)            Turns: 3524, Time: 00:05:52

Health: -3/81      AC:  2    Str: 21    XL:     7   Next: 95%
Magic:  7/7        EV: 14    Int: 11    God:
Gold:   146        SH:  0    Dex:  8    Spells: 6/6 levels left

rFire   . . .        n - +5 dagger (heavy)
rCold   . . .        (no shield)
rNeg    . . .        a - +0 animal skin
rPois   .            (helmet currently unavailable)
rElec   .            (cloak currently unavailable)
rCorr   .            (gloves unavailable)
SInv    .            (boots unavailable)
Will    .....        i - amulet of magic regeneration
Stlth   +            m - +5 ring of evasion
HPRegen 0.33/turn    (no ring)
MPRegen 0.50/turn

%: no passive effects
@: beast-form, weakened
A: beast (slay +3), large, unfitting armour, horns 1, tough skin 1, double
potion healing, drunken brawling, talons 1, deformed body, mutation resistance
1, sturdy frame 1
a: Begin Untransformation


You were on level 5 of the Dungeon.
You were a hulking beast.
You visited 1 branch of the dungeon, and saw 5 of its levels.

You collected 234 gold pieces.
You spent 88 gold pieces at shops.

Inventory:

Hand Weapons
 n - a +5 heavy dagger (weapon)
Armour
 a - a +0 animal skin (worn)
Jewellery
 i - an amulet of magic regeneration (around neck)
 m - a +5 ring of evasion (left hand)
 r - a ring of resist corrosion
Talismans
 c - a beast talisman
 d - a flux talisman
Wands
 p - a wand of mindburst (12)
 t - a wand of flame (14)
Scrolls
 f - a scroll of enchant armour {unknown}
 j - a scroll of amnesia
 k - 2 scrolls of teleportation
 q - a scroll of noise
 v - a scroll of immolation
Potions
 b - a potion of lignification
 e - 2 potions of mutation
 g - a potion of curing
 h - a potion of enlightenment {unknown}
 l - a potion of degeneration {unknown}
 o - 2 potions of heal wounds {unknown}
 s - a potion of brilliance {unknown}
 u - a potion of resistance {unknown}
 x - a potion of cancellation {unknown}


   Skills:
 + Level 8.8 Fighting
 - Level 1.7 Dodging
 - Level 2.6 Unarmed Combat
 + Level 5.7 Shapeshifting


You had 6 spell levels left.
You didn't know any spells.
Your spell library contained the following spells:

 Spells                   Type           Power      Damage    Failure   Level
 Inner Flame              Hex/Fire       0%         N/A       71%         3
 Irradiate                Conj/Alch      0%         3d11      100%        5
 Ignition                 Fire           0%         3d3       100%        8


Dungeon Overview and Level Annotations

Branches:
Dungeon (5/15)
 Temple: D:4-7

Altars:
Cheibriados
Okawaru
Uskayaw

Shops:
D:3 [(!   D:4 :   D:5 :


Innate Abilities, Weirdness & Mutations

You are a hulking beast.
Your limbs bulge with bestial killing power. (Slay +3)
You are too large for most types of armour.
You have a pair of small horns on your head.
You have tough skin. (AC +1)
You gain doubled healing and magic from potions.
Whenever you drink a healing potion, you attack all around you.
You have sharp toenails.
Armour fits poorly on your strangely shaped body.
You are somewhat resistant to further mutation.
Your movements are slightly less encumbered by armour. (ER -2)


Message History

The gnoll bouda barks out a call to the hunt!
The gnolls pick up the pace!
Unknown command.
The gnoll hits you from afar with a +0 spear.
* * * LOW HITPOINT WARNING * * *
The gnoll closely misses you. The gnoll bouda barely misses you.
The gnoll hits you from afar with a +0 spear!
* * * LOW HITPOINT WARNING * * *
Things that are here:
a +0 whip; a +0 robe; a scorpion corpse Unknown command.
You hit the gnoll bouda. You claw the gnoll bouda.
You headbutt the gnoll bouda, but do no damage.
The gnoll bouda is moderately wounded.
Your attacks no longer feel as feeble.
The gnoll hits you from afar with a +0 spear.
* * * LOW HITPOINT WARNING * * *
The gnoll hits you with a +0 whip.
* * * LOW HITPOINT WARNING * * *
The gnoll bouda barks out a call to the hunt!
The gnoll closely misses you. x2
The gnoll bouda gazes fiercely through you!
You feel your attacks grow feeble. The gnoll bouda misses you.
The gnoll hits you with a +0 whip.
* * * LOW HITPOINT WARNING * * *
As you read the scroll of fear, it crumbles to dust.
You assume a fearsome visage.
The gnoll bouda looks frightened!
The gnoll looks frightened! x3
Unknown command.
Unknown command.
You see here a throwing net.
The gnoll attacks as it pursues you! The gnoll closely misses you. x2
Things that are here:
a +0 whip; a gnoll corpse
There is an open door, spattered with blood here.
The gnoll attacks as it pursues you! The gnoll barely misses you.
There's a creature in the doorway!
You hit the gnoll but do no damage. The gnoll misses you.
The gnoll hits you with a +0 whip!
You die...

.. #.##.g' ##...#
....###.#..##
g#.##g.##..##
..#...###..##
#.....+ ##..# #.
#)#... ##..## .#
#(##..##..## .
##)###.#..## #.
##..gh##..##
#.#####...###..##
#.......#†##..##
#...#.#...#..##
#.#..>#.#...##
##'##.#..##
#.##...##
###.###.##
+..∩..'.#


You could see a gnoll (swift).

Vanquished Creatures
  Prince Ribbit (D:5)
  Duvessa (D:5)
  A scorpion (D:5)
  Dowan (D:5)
  A bombardier beetle (D:3)
  A hound (D:5)
  A jelly (D:4)
  A gnoll bouda (D:5)
  An iguana (D:3)
  An orc wizard (D:3)
  Natasha (thrice) (D:3)
  A mummy (D:5)
  4 gnolls
  3 adders
  2 dart slugs
  10 orcs
  8 ball pythons
  5 bats
  8 endoplasms
  2 giant cockroaches
  3 hobgoblins
  4 jackals (D:1)
  7 quokkas
  4 frilled lizards
  6 goblins
  4 kobolds
  A kobold zombie (D:5)
  8 rats
93 creatures vanquished.

Notes
Turn   | Place    | Note
-------+----------+-------------------------------------------
     0 | D:1      | spaghetti the Oni Shapeshifter began the quest for the Orb.
     0 | D:1      | Reached XP level 1. HP: 19/19 MP: 1/1
    60 | D:1      | Reached skill level 2 in Fighting
   254 | D:1      | Reached XP level 2. HP: 29/29 MP: 2/2
   259 | D:1      | Reached skill level 3 in Fighting
   469 | D:1      | Reached XP level 3. HP: 39/39 MP: 3/3
   624 | D:2      | Reached skill level 4 in Fighting
  1058 | D:2      | Reached skill level 5 in Fighting
  1058 | D:2      | Reached XP level 4. HP: 50/50 MP: 4/4
  1511 | D:3      | Found Fofiusyfymn's Weapon Emporium.
  1516 | D:3      | Found Xifusoem's Distillery.
  1527 | D:3      | Bought a potion of mutation for 88 gold pieces
  1527 | D:3      | Gained mutation: Your movements are slightly less
                  | encumbered by armour. (ER -2) [potion of mutation]
  1527 | D:3      | Gained mutation: Armour fits poorly on your strangely
                  | shaped body. [potion of mutation]
  1527 | D:3      | Gained mutation: You have sharp toenails. [potion of
                  | mutation]
  1527 | D:3      | Gained mutation: You are somewhat resistant to further
                  | mutation. [potion of mutation]
  1586 | D:3      | Reached XP level 5. HP: 33/59 MP: 5/5
  1696 | D:3      | Found a hide-covered altar of Uskayaw.
  1792 | D:3      | Reached skill level 6 in Fighting
  1842 | D:3      | Noticed Natasha
  1848 | D:3      | Killed Natasha
  1902 | D:3      | Noticed Natasha
  1910 | D:3      | Killed Natasha
  1986 | D:3      | Noticed Natasha
  1989 | D:3      | Killed Natasha
  1990 | D:3      | Reached XP level 6. HP: 60/68 MP: 6/6
  2079 | D:3      | Found Notik's Armour Emporium.
  2764 | D:4      | Reached skill level 7 in Fighting
  2813 | D:4      | Found an iron altar of Okawaru.
  2986 | D:4      | Found Vuamypepes's Book Shoppe.
  3093 | D:5      | Entered Level 5 of the Dungeon
  3101 | D:5      | Found a snail-covered altar of Cheibriados.
  3114 | D:5      | Noticed Dowan
  3115 | D:5      | Noticed Duvessa
  3129 | D:5      | Killed Duvessa
  3130 | D:5      | Reached XP level 7. HP: 15/78 MP: 7/7
  3130 | D:5      | HP: 3/78 [Dowan/stone arrow (13)]
  3132 | D:5      | Killed Dowan
  3459 | D:5      | Found Jydij's Book Boutique.
  3480 | D:5      | Noticed Prince Ribbit
  3483 | D:5      | Reached skill level 5 in Shapeshifting
  3494 | D:5      | Killed Prince Ribbit
  3495 | D:5      | Reached skill level 8 in Fighting
  3518 | D:5      | HP: 4/81 [gnoll/+0 whip[a gnoll bouda] (3)]
  3524 | D:5      | Slain by a gnoll

Illustrated notes

Levels and vault maps discovered:
D:1:      psy_arrival_whirlpool, layout_basic, grunt_decor_one_mirror,
          minmay_surrounded
D:2:      kb_forest_paths, layout_basic, serial_bayou_pond_e, hex_medium
D:3:      layout_basic, mainiacjoe_overflow_catwalk, serial_shops,
          nicolae_shop_waterfront, nicolae_square_shop, shop, serial_glass,
          glass_columns_a, glass_columns_a, glass_columns_c, glass_columns_a,
          glass_columns_c, glass_columns_b, glass_columns_b, glass_columns_b,
          glass_columns_b, glass_columns_a, feat_on_display,
          minmay_strange_pillars, feat_on_display, due_unseen_surprise,
          uniq_natasha
D:4:      layout_rooms, okawaru_trees_2, serial_shops,
          nicolae_shop_behind_doors, serial_bayou_pond_e
D:5:      gammafunk_wand_slinger, layout_basic, mainiacjoe_overflow_boulevard,
          lemuel_coloured_pillars_altar, nicolae_ossuary_entry_giza,
          serial_shops, shop, shop, nicolae_shop_hallway_plus, uniq_duvessa,
          uniq_prince_ribbit1

Skill      XL: |  1  2  3  4  5  6  7 |
---------------+----------------------+-----
Fighting       | 2 3 5 6 7 8 |  8.8
Shapeshifting  | 4 5 |  5.7
Dodging        | |  1.7
Unarmed Combat | |  2.6

Action                     |  1- 3 |  4- 6 |  7- 9 || total
---------------------------+-------+-------+-------++-------
  Melee: Unarmed           |    81 |     3 |       ||    84
         Headbutt          |    13 |    13 |     3 ||    29
         Dagger            |       |    89 |    34 ||   123
         Kick              |       |    32 |     9 ||    41
         Punch             |       |     2 |     1 ||     3
    Use: Potion            |       |     4 |     1 ||     5
         Scroll            |       |    11 |     1 ||    12
 Armour: Animal skin       |    44 |    72 |    26 ||   142
  Dodge: Dodged            |    37 |    42 |    41 ||   120
